 Dungeon Crawl Stone Soup version 0.31.0-12-g77e489cdc1 (webtiles) character file.

Game seed: 8072808481705163342

238820 AceX2Z the Executioner (level 19, -7/181 HPs)
             Began as a Hill Orc Fighter on Feb 12, 2024.
             Was a High Priest of Okawaru.
             Mangled by the Royal Jelly (16 damage)
             ... on level 5 of the Pits of Slime on Feb 14, 2024.
             The game lasted 05:17:24 (37284 turns).

AceX2Z the Executioner (Hill Orc Fighter)          Turns: 37284, Time: 05:17:25

Health: -7/181     AC: 25    Str: 37    XL:     19   Next: 73%
Magic:  2/17       EV: 15    Int: 11    God:    Okawaru [*****.]
Gold:   3141       SH: 25    Dex: 15    Spells: 13/18 levels left

rFire   + + +        c - +5 broad axe of Soonlomm {venom, rF+}
rCold   + + .        I - +4 kite shield of Zyohoiga {rC+ Str+9 Dex+2}
rNeg    + . .        S - +5 plate armour {Will+}
rPois   +            O - +2 hat of Experimentation {Rampage rF+ MP-9}
rElec   .            y - +0 cloak
rCorr   +            p - +0 pair of gloves
SInv    .            Z - +0 pair of boots of Zafeul {rC+ rN+}
Will    ++++.        g - amulet of reflection Stlth
                     i - ring of Esejoele {rPois rCorr Str+3 Dex+3}
HPRegen 0.50/turn    T - ring "Plog" {rF+ Will+ Int+3}
MPRegen 0.15/turn

%: reflection, rampage
@: heroic, finesse-ful, corroded, studying 3 skills, unable to drink, very slow
A: strong-willed 1, weak 1, subdued magic 1, inability to drink after injury 1
}: 1/15 runes: gossamer
a: Renounce Religion, Heroism, Finesse, Duel


You were on level 5 of the Pits of Slime.
You worshipped Okawaru.
Okawaru was extremely pleased with you.
You visited 7 branches of the dungeon, and saw 32 of its levels.
You also visited: Gauntlet, Ice Cave and Volcano.

You collected 3275 gold pieces.
You spent 134 gold pieces at shops.

Inventory:

Hand Weapons
 a - a +5 war axe of electrocution
 c - the +5 broad axe of Soonlomm (weapon) {venom, rF+}
   (Okawaru gifted it to you on level 2 of the Orcish Mines)

   rF+:       It protects you from fire.
Armour
 p - a +0 pair of gloves (worn)
 y - a +0 cloak (worn)
 I - the +4 kite shield of Zyohoiga (worn) {rC+ Str+9 Dex+2}
   (Okawaru gifted it to you on level 2 of the Orcish Mines)

   Str+9:     It affects your strength (+9).
   Dex+2:     It affects your dexterity (+2).
   rC+:       It protects you from cold.
 K - a +0 helmet
 M - the +2 hat of Subjectivity {rCorr MP+9}
   (You found it on level 4 of the Spider Nest)

   MP+9:      It affects your magic capacity (+9).
   rCorr:     It protects you from acid and corrosion.
 O - the +2 hat of Experimentation (worn) {Rampage rF+ MP-9}
   (You found it on level 4 of the Spider Nest)

   rF+:       It protects you from fire.
   MP-9:      It affects your magic capacity (-9).
   Rampage:   It bestows one free step when moving towards enemies.
 S - a +5 plate armour of willpower (worn)
 Z - the +0 pair of boots of Zafeul (worn) {rC+ rN+}
   (You found it in a Gauntlet)

   rC+:       It protects you from cold.
   rN+:       It protects you from negative energy.
Jewellery
 d - a +5 ring of evasion
 g - an amulet of reflection (around neck)
 i - the ring of Esejoele (left hand) {rPois rCorr Str+3 Dex+3}
   (You took it off a minotaur in a Gauntlet)

   [ring of poison resistance]

   Str+3:     It affects your strength (+3).
   Dex+3:     It affects your dexterity (+3).
   rPois:     It protects you from poison rCorr: It protects you from acid and
   corrosion.
 q - a ring of flight
 A - a ring of see invisible
 G - a +5 ring of evasion
 Q - the ring of Texamod {rC+ Will+}
   (You found it in an ice cave)

   [ring of protection from cold]

   rC+:       It protects you from cold.
   Will+:     It increases your willpower.
 R - a +4 ring of protection
 T - the ring "Plog" (right hand) {rF+ Will+ Int+3}
   (You found it in an ice cave)

   [ring of willpower]

   Int+3:     It affects your intelligence (+3).
   rF+:       It protects you from fire.
   Will+:     It increases your willpower.
 Y - the ring "Hitug" {rF+ rCorr MP+9}
   (You found it in a Gauntlet)

   [ring of protection from fire]

   rF+:       It protects you from fire.
   MP+9:      It affects your magic capacity (+9).
   rCorr:     It protects you from acid and corrosion.
Wands
 o - a wand of polymorph (18)
 u - a wand of flame (49) (quivered)
 w - a wand of charming (24)
 J - a wand of mindburst (53)
 V - a wand of iceblast (9)
Scrolls
 e - 4 scrolls of identify
 f - 5 scrolls of teleportation
 l - a scroll of revelation
 m - 3 scrolls of fear
 s - a scroll of enchant armour
 v - 3 scrolls of enchant weapon
 H - 7 scrolls of fog
 P - 2 scrolls of summoning
Potions
 b - a potion of resistance
 h - 6 potions of enlightenment
 j - 4 potions of heal wounds
 k - 8 potions of brilliance
 n - 15 potions of curing
 r - 4 potions of haste
 t - 6 potions of lignification
 x - 3 potions of attraction
 z - 3 potions of berserk rage
 B - 3 potions of cancellation
 D - 4 potions of magic
 E - a potion of mutation
 F - 4 potions of might
 N - 2 potions of invisibility
 U - 7 potions of ambrosia
Miscellaneous
 C - a condenser vane
 L - a phial of floods (inert)
 W - a phantom mirror
 X - a lightning rod (4/4)


   Skills:
 + Level 18.6(23.6) Fighting
 + Level 21.8(26.8) Axes
 + Level 17.3(22.3) Armour
 + Level 6.8(11.8) Dodging
 + Level 16.7(21.7) Shields
 - Level 9.0 Translocations
 - Level 11.3 Ice Magic
 - Level 10.0 Invocations
 - Level 8.0 Evocations


You had 13 spell levels left.
You knew the following spells:

 Your Spells              Type           Power      Damage    Failure   Level
a - Ozocubu's Armour      Ice            19%        N/A       2%          3
b - Blink                 Tloc           30%        N/A       3%          2

Your spell library contained the following spells:

 Spells                   Type           Power      Damage    Failure   Level
 Lesser Beckoning         Tloc           30%        N/A       3%          2
 Gell's Gravitas          Tloc           15%        N/A       7%          3
 Teleport Other           Tloc           15%        N/A       7%          3
 Ensorcelled Hibernation  Hex/Ice        18%        N/A       14%         2
 Momentum Strike          Conj/Tloc      14%        3d8       22%         2
 Manifold Assault         Tloc           15%        N/A       24%         4
 Volatile Blastmotes      Fire/Tloc      14%        2d11      43%         3
 Magic Dart               Conj           0%         1d3       71%         1
 Shock                    Conj/Air       0%         1d3       71%         1
 Searing Ray              Conj           0%         2d4       83%         2
 Dimensional Bullseye     Hex/Tloc       3%         N/A       85%         4
 Vhi's Electric Charge    Tloc/Air       14%        N/A       85%         4
 Dazzling Flash           Conj/Hex       0%         N/A       97%         3
 Fugue of the Fallen      Necr           0%         N/A       97%         3
 Inner Flame              Hex/Fire       0%         N/A       97%         3
 Sigil of Binding         Hex            0%         N/A       97%         3
 Swiftness                Air            0%         N/A       97%         3
 Airstrike                Air            0%         2d(0-16)  100%        4
 Anguish                  Hex/Necr       0%         N/A       100%        4
 Flame Wave               Conj/Fire      0%         2d4       100%        4
 Fulminant Prism          Conj/Alch      0%         3d5       100%        4
 Sticky Flame             Fire/Alch      0%         2d4       100%        4
 Arcjolt                  Conj/Air       0%         1d10      100%        5
 Iskenderun's Battlesphe  Conj           0%         2d6       100%        5
 Bombard                  Conj/Erth      0%         9d1       100%        6
 Starburst                Conj/Fire      0%         6d3       100%        6
 Orb of Destruction       Conj           0%         9d5       100%        7
 Ozocubu's Refrigeration  Ice            9%         4d9       100%        7
 Maxwell's Capacitive Co  Air            0%         ∞         100%        8
 Polar Vortex             Ice            9%         12d1*     100%        9
 Summon Ice Beast         Ice/Summ       Unusable   N/A       N/A         3
 Call Canine Familiar     Summ           Unusable   N/A       N/A         3
 Summon Forest            Summ/Tloc      Unusable   N/A       N/A         5
 Summon Blazeheart Golem  Fire/Summ      Unusable   N/A       N/A         4
 Summon Mana Viper        Hex/Summ       Unusable   N/A       N/A         5
 Sculpt Simulacrum        Ice/Alch       Unusable   N/A       N/A         6
 Malign Gateway           Summ/Tloc      Unusable   N/A       N/A         7
 Monstrous Menagerie      Summ           Unusable   N/A       N/A         7
 Spellforged Servitor     Conj/Summ      Unusable   N/A       N/A         7

Dungeon Overview and Level Annotations

Branches:
Dungeon (11/15)            Temple (1/1) D:7            Lair (5/5) D:10
  Swamp (4/4) Lair:3       Spider (4/4) Lair:3        Slime (5/5) Lair:4
    Orc (2/2) D:10            Elf (0/3) Orc:2         IceCv (visited)
Volcano (visited)         Gauntlet (visited)

Altars:
Ashenzari
Cheibriados
Dithmenos
Elyvilon
Fedhas
Gozag
Hepliaklqana
Kikubaaqudgha
Makhleb
Nemelex Xobeh
Okawaru
Qazlal
Ru
Sif Muna
Trog
Uskayaw
Vehumet
Wu Jian
Xom
Yredelemnul
Zin
The Shining One
Beogh
Jiyva

Shops:
D:2 =?([   D:6 (   Orc:2 (*?!!

Annotations:
D:10 2 transporters
Swamp:4 Lernaean hydra
Slime:5 Royal Jelly


Innate Abilities, Weirdness & Mutations

You are strong-willed. (Will+)
You are weak. (Str -2)
Your spells are a little easier to cast, but a little less powerful.
You occasionally lose the ability to drink potions when taking damage.


Message History

The Royal Jelly is heavily wounded.
The Royal Jelly hits you but does no damage.
The Royal Jelly misses you.
You slice the Royal Jelly!!
Your hands burn!
* * * LOW HITPOINT WARNING * * *
The Royal Jelly is heavily wounded.
The Royal Jelly shudders violently.
The Royal Jelly spits out three more jellies.
A large slime creature splits.
You slice the Royal Jelly!! The acid corrodes you!
Your hands burn!
* * * LOW HITPOINT WARNING * * *
The Royal Jelly is severely wounded.
You slice the azure jelly!!
The Royal Jelly shudders vigorously.
The Royal Jelly spits out two more jellies.
You block the Royal Jelly's attack. The Royal Jelly hits you!
* * * LOW HITPOINT WARNING * * *
You feel threatened and lose the ability to drink potions!
You are splashed with acid.
You resist.
* * * LOW HITPOINT WARNING * * *
Aim the phial where?
Press: ? - help, Q - select action, (/) - cycle Shift-Dir - straight line, f - Royal Jelly
Aim: the Royal Jelly (severely wounded, 94% to hit)
The torrent of water hits the Royal Jelly!!
The Royal Jelly is severely wounded.
The Royal Jelly is engulfed in water.
The wave splashes down.
Splash!
You fall into the shallow water.
Moving in this stuff is going to be slow.
The quicksilver ooze is engulfed in water. x2
The rockslime is engulfed in water.
The azure jelly is engulfed in water.
The azure jelly splashes around in the water.
The azure jelly hits you but does no damage. x2
The azure jelly splashes around in the water.
The Royal Jelly hits you!!
* * * LOW HITPOINT WARNING * * *
You are splashed with acid.
You resist.
* * * LOW HITPOINT WARNING * * *
The Royal Jelly hits you!
You die...

#..................##(##.. #[##..
.................###?:(#.##[$$###
................###$)$##..##$/$##
...............###/"()[##.#?/[:?#
...............###$())##..##/)![#
................# #?(#)#.##:#/)#
.............J.#########..#######
.............JJ##J..#......(.#...
.............JJJ@~#...#._..#...#.
.............~J#########..#######
.............J.# #$$#/#.##[#:?#
...............# #)$[?##..##?"$!#
.....^.........###)[φ[!##.#[)))[#
................###/[[##..##:)[##
..................##[))#.##!!$###
...................##$##..##)###.
....................#####.## #...


You could see the Royal Jelly (waterlogged), an azure jelly (waterlogged), a
large slime creature, 2 slime creatures, a rockslime (waterlogged) and 3
quicksilver oozes.

Vanquished Creatures
  Nikola (Swamp:1)
  Arachne (Spider:2)
  Jorgrun (Spider:1)
  18 acid blobs
  Frances (Spider:1)
  Donald (Spider:1)
  Roxanne (Spider:1)
  10 rockslimes
  11 azure jellies
  6 emperor scorpions
  The ghost of esper6 the Thaumaturge, a journeyman GnNe of Cheibriados (Swamp:2)
  3 ghost moths (Spider:4)
  3 ghouls (Swamp:1)
  An orc warlord (Orc:1)
  6 quicksilver oozes
  4 broodmothers
  4 formless jellyfish (Slime:2)
  A minotaur (Gauntlet)
  6 eleionomae
  A white draconian (IceCv)
  5 spark wasps
  5 bunyips
  An ettin (Orc:1)
  6 entropy weavers
  Josephine (Lair:4)
  A fire dragon (Volcano)
  14 hydras
  3 great orbs of eyes
  4 ghost crabs
  A catoblepas (Lair:4)
  5 jorogumos
  10 alligators
  2 ogre magi (Orc:2)
  10 two-headed ogres
  A death yak (Lair:2)
  2 radroaches
  4 boulder beetles
  21 demonic crawlers
  A dancing weapon (Swamp:2)
  Urug (D:10)
  2 hell hogs (Lair:5)
  3 spriggan druids
  A fire crab (Gauntlet)
  3 goliath frogs
  8 pharaoh ants
  2 sun moths
  2 deep trolls (Orc:2)
  10 orb spiders
  8 bog bodies
  4 lindwurms
  4 steelbarb worms
  11 swamp dragons
  25 wolf spiders
  4 will-o-the-wisps
  5 shining eyes
  A manticore (D:9)
  An oklob plant (Gauntlet)
  7 elephants
  3 orc sorcerers
  4 moths of wrath
  3 cyclopes (Orc:2)
  2 kobold blastminers (Orc:1)
  A meliai (Lair:3)
  8 black mambas
  10 cane toads
  3 molten gargoyles (Lair:5)
  An eye of devastation (Slime:5)
  8 spectral spriggans (Swamp:1)
  A smoke demon (Volcano)
  A gargoyle (D:8)
  7 torpor snails
  2 ice statues (IceCv)
  14 komodo dragons
  12 rime drakes
  3 freezing wraiths (Swamp:1)
  Psyche (D:10)
  11 trolls
  8 tyrant leeches
  16 hornets
  2 bloated husks
  2 glass eyes
  4 polar bears
  14 blink frogs
  27 tarantellas
  2 dream sheep (Lair:2)
  38 slime creatures
  25 culicivoras
  23 jumping spiders
  A shadow (D:10)
  2 centaur simulacra (Gauntlet)
  A vampire (D:10)
  9 wyverns
  7 wraiths
  4 fire bats (Gauntlet)
  6 basilisks
  9 spriggans
  28 yaks
  2 wargs
  69 redbacks
  6 vampire mosquitoes
  25 golden eyes
  9 steam dragons
  3 acid dragons
  10 swamp worms
  Duvessa (D:5)
  11 water moccasins
  10 hell hounds
  14 orc warriors
  4 ice beasts
  9 swamp drakes
  2 sky beasts
  3 black bears
  20 ogres
  4 centaurs
  7 wolves
  Blork the orc (D:5)
  A kobold brigand (D:8)
  13 bullfrogs
  2 scorpions
  A gnoll sergeant (D:10)
  A cane toad simulacrum (Gauntlet)
  4 wights (D:7)
  Dowan (D:5)
  8 killer bees
  5 lindwurm simulacra (IceCv)
  An electric eel (Spider:4)
  2 howler monkeys (D:10)
  6 komodo dragon simulacra (IceCv)
  5 lava snakes (Lair:5)
  2 bombardier beetles
  A hound (D:6)
  15 jellies
  A gnoll bouda (D:7)
  11 orc priests
  A sleepcap (D:8)
  4 iguanas
  Ijyb (D:5)
  13 orc wizards
  2 hell rats (Lair:1)
  14 gnolls
  3 acid dragon simulacra (IceCv)
  9 adders
  5 river rats (Lair:1)
  2 shadow imps
  A white imp (D:7)
  7 steam dragon simulacra (IceCv)
  4 ufetubi
  9 ribbon worms
  4 dart slugs
  56 orcs
  9 ball pythons
  8 bats
  5 endoplasms
  2 giant cockroaches
  5 hobgoblins
  3 jackals (D:1)
  9 kobolds
  2 quokkas
  5 frilled lizards
  7 goblins
  15 rats
1098 creatures vanquished.

Vanquished Creatures (others)
  A spriggan druid (Swamp:4)
  6 bloated husks
  An orc priest (Orc:1)
  4 foxfires (Swamp:2)
12 creatures vanquished.

Grand Total: 1110 creatures vanquished

Notes
Turn   | Place    | Note
-------+----------+-------------------------------------------
     0 | D:1      | AceX2Z the Hill Orc Fighter began the quest for the Orb.
     0 | D:1      | Reached XP level 1. HP: 19/19 MP: 1/1
    68 | D:1      | Reached skill level 3 in Axes
    86 | D:1      | Reached XP level 2. HP: 17/26 MP: 2/2
   180 | D:1      | Reached skill level 4 in Axes
   247 | D:1      | Reached XP level 3. HP: 26/31 MP: 3/3
   647 | D:2      | Found Erutwad's Magic Scroll Shop.
   681 | D:2      | Reached skill level 5 in Axes
   693 | D:2      | Found Vesihe's Antique Armour Emporium.
   817 | D:2      | Found an ancient bone altar of Kikubaaqudgha.
   916 | D:2      | Reached XP level 4. HP: 39/39 MP: 4/4
   925 | D:2      | Found Neopseas's Weapon Shop.
  1138 | D:2      | Found Tuafec's Jewellery Shoppe.
  1402 | D:3      | Reached skill level 6 in Axes
  1612 | D:3      | Found a faded altar of an unknown god.
  1695 | D:3      | Found a shadowy altar of Dithmenos.
  1718 | D:3      | Reached XP level 5. HP: 45/45 MP: 5/5
  2032 | D:4      | Reached skill level 7 in Axes
  2070 | D:4      | Noticed a black bear
  2476 | D:4      | Killed a black bear
  2477 | D:4      | Reached XP level 6. HP: 48/55 MP: 6/6
  2989 | D:5      | Entered Level 5 of the Dungeon
  2989 | D:5      | Noticed a wyvern
  2994 | D:5      | Killed a wyvern
  2995 | D:5      | Reached skill level 5 in Fighting
  2995 | D:5      | Reached skill level 8 in Axes
  2995 | D:5      | Reached XP level 7. HP: 58/61 MP: 7/7
  3014 | D:5      | Noticed Blork the orc
  3019 | D:5      | Killed Blork the orc
  3250 | D:5      | Noticed Duvessa
  3250 | D:5      | Noticed Dowan
  3270 | D:5      | Killed Duvessa
  3271 | D:5      | Reached skill level 9 in Axes
  3271 | D:5      | Killed Dowan
  3465 | D:5      | Found a shimmering altar of Xom.
  3723 | D:5      | Noticed Ijyb
  3731 | D:5      | Killed Ijyb
  3786 | D:5      | Reached XP level 8. HP: 69/73 MP: 8/8
  3823 | D:5      | Got Lom Lobon's Catalogue of Coordinates
  3824 | D:5      | Found a snail-covered altar of Cheibriados.
  3902 | D:6      | Reached skill level 10 in Axes
  4370 | D:6      | Reached skill level 5 in Shields
  4465 | D:6      | Found a sparkling altar of Nemelex Xobeh.
  4617 | D:6      | Found Uxzir's Antique Weapon Shop.
  4990 | D:7      | Noticed a wyvern
  4998 | D:7      | Killed a wyvern
  4999 | D:7      | Reached XP level 9. HP: 54/83 MP: 9/9
  5061 | D:7      | Noticed a hornet
  5077 | D:7      | Killed a hornet
  5485 | D:7      | Found a staircase to the Ecumenical Temple.
  5508 | D:7      | Reached skill level 10 in Fighting
  5740 | Temple   | Entered the Ecumenical Temple
  5771 | Temple   | Became a worshipper of Warmaster Okawaru
  6297 | D:7      | Reached skill level 5 in Armour
  6500 | D:8      | Reached * piety under Okawaru
  6666 | D:8      | Noticed a gargoyle
  6683 | D:8      | Killed a gargoyle
  6684 | D:8      | Reached skill level 11 in Axes
  6702 | D:8      | Reached XP level 10. HP: 81/93 MP: 10/10
  6703 | D:8      | Noticed a two-headed ogre
  6710 | D:8      | Killed a two-headed ogre
  6710 | D:8      | Reached ** piety under Okawaru
  7890 | D:9      | Noticed a manticore
  8024 | D:9      | Reached skill level 12 in Axes
  8310 | D:9      | Killed a manticore
  8310 | D:9      | Reached *** piety under Okawaru
  8566 | D:10     | Entered Level 10 of the Dungeon
  8691 | D:10     | Found a transporter.
  8693 | D:10     | Noticed an ogre mage
  8699 | D:10     | Noticed a deep elf pyromancer
  8699 | D:10     | Noticed a catoblepas
  8700 | D:10     | Noticed an eight-headed hydra
  8700 | D:10     | Noticed a yaktaur captain
  8712 | D:10     | Reached skill level 1 in Ice Magic
  8717 | D:10     | Reached **** piety under Okawaru
  8745 | D:10     | Reached XP level 11. HP: 96/99 MP: 11/11
  8749 | D:10     | Reached skill level 13 in Axes
  8790 | D:10     | Found a staircase to the Lair.
  8866 | D:10     | Found a sacrificial altar of Ru.
  8870 | D:10     | Found a shimmering blue altar of Sif Muna.
  8946 | D:10     | Found a blossoming altar of Fedhas.
  8948 | D:10     | Found an ornate altar of the Wu Jian Council.
  8948 | D:10     | Found a glowing golden altar of the Shining One.
  9078 | D:10     | Found a transporter.
  9080 | D:10     | Identified the amulet "Tuefaygh" {Acrobat Int+4}
  9084 | D:10     | Noticed Urug
  9103 | D:10     | Killed Urug
  9104 | D:10     | Reached skill level 10 in Shields
  9352 | D:10     | Noticed Psyche
  9368 | D:10     | Killed Psyche
  9385 | D:10     | Reached skill level 5 in Ice Magic
  9390 | D:10     | Reached ***** piety under Okawaru
  9458 | D:10     | Found a staircase to the Orcish Mines.
  9692 | D:11     | Noticed a two-headed ogre
  9705 | D:11     | Killed a two-headed ogre
  9706 | D:11     | Reached skill level 14 in Axes
  9710 | D:11     | Learned a level 3 spell: Ozocubu's Armour
  9966 | D:11     | Found a glowing silver altar of Zin.
 10473 | Orc:1    | Entered Level 1 of the Orcish Mines
 10637 | Orc:2    | Entered Level 2 of the Orcish Mines
 10637 | Orc:2    | Noticed a cyclops
 10637 | Orc:2    | Found Hoyvet's Weapon Boutique.
 10637 | Orc:2    | Found a staircase to the Elven Halls.
 10643 | Orc:2    | Killed a cyclops
 10643 | Orc:2    | Received a gift from Okawaru
 10677 | Orc:2    | Noticed an orc sorcerer
 10688 | Orc:2    | Killed an orc sorcerer
 10716 | Orc:2    | Noticed a two-headed ogre
 10720 | Orc:2    | Noticed an ogre mage
 10721 | Orc:2    | Noticed a deep troll
 10724 | Orc:2    | Noticed a two-headed ogre
 10728 | Orc:2    | Killed a two-headed ogre
 10733 | Orc:2    | Noticed a two-headed ogre
 10741 | Orc:2    | Reached skill level 15 in Axes
 10741 | Orc:2    | Reached XP level 12. HP: 76/106 MP: 7/12
 10746 | Orc:2    | Killed a two-headed ogre
 10751 | Orc:2    | Killed an ogre mage
 10766 | Orc:2    | Noticed a two-headed ogre
 10782 | Orc:2    | Killed a two-headed ogre
 10782 | Orc:2    | Received a gift from Okawaru
 10783 | Orc:2    | Reached skill level 10 in Ice Magic
 10789 | Orc:2    | Reached skill level 16 in Axes
 10961 | Orc:2    | Found Kyohav's Magic Scroll Boutique.
 10966 | Orc:2    | Found Uniurcham's Distillery.
 10972 | Orc:2    | Found Ydolug's General Store.
 10973 | Orc:2    | Found Ziol's Distillery.
 10979 | Orc:2    | Noticed a two-headed ogre
 10991 | Orc:2    | Killed a two-headed ogre
 10999 | Orc:2    | Bought a scroll of identify for 28 gold pieces
 10999 | Orc:2    | Bought a scroll of identify for 28 gold pieces
 11059 | Orc:2    | Noticed an ogre mage
 11075 | Orc:2    | Killed an ogre mage
 11243 | Orc:2    | Noticed a two-headed ogre
 11252 | Orc:2    | Killed a two-headed ogre
 11294 | Orc:2    | Bought a potion of might for 52 gold pieces
 11295 | Orc:2    | Noticed a two-headed ogre
 11314 | Orc:2    | Killed a two-headed ogre
 11315 | Orc:2    | Reached skill level 1 in Translocations
 11315 | Orc:2    | Reached skill level 1 in Invocations
 11320 | Orc:2    | Reached ****** piety under Okawaru
 11426 | Orc:2    | Acquired the +4 kite shield of Zyohoiga {rC+ Str+9 Dex+2}
 11426 | Orc:2    | Received a gift from Okawaru
 11439 | Orc:2    | Acquired the +5 broad axe of Soonlomm {venom, rF+}
 11439 | Orc:2    | Received a gift from Okawaru
 11454 | Orc:2    | Noticed a two-headed ogre
 11463 | Orc:2    | Killed a two-headed ogre
 11468 | Orc:2    | Bought a scroll of identify for 26 gold pieces
 11506 | Orc:2    | Killed a two-headed ogre
 11507 | Orc:2    | Reached XP level 13. HP: 116/116 MP: 13/15
 11868 | Orc:1    | Noticed an ettin
 11876 | Orc:1    | Killed an ettin
 12003 | Orc:1    | Noticed an orc warlord
 12005 | Orc:1    | Received a gift from Okawaru
 12011 | Orc:1    | Reached skill level 5 in Invocations
 12022 | Orc:1    | Killed an orc warlord
 12131 | Orc:1    | Reached skill level 5 in Translocations
 12161 | Orc:1    | Learned a level 2 spell: Blink
 12314 | Orc:2    | Found a roughly hewn altar of Beogh.
 12664 | Lair:1   | Entered Level 1 of the Lair of Beasts
 12839 | Lair:1   | Found an ancient bone altar of Kikubaaqudgha.
 13626 | Lair:2   | Reached skill level 10 in Armour
 13710 | Lair:2   | Found a frozen archway.
 13718 | IceCv    | Entered an ice cave
 13723 | IceCv    | Received a gift from Okawaru
 14143 | IceCv    | Noticed a white draconian
 14166 | IceCv    | Killed a white draconian
 14209 | IceCv    | Identified the ring of Texamod {rC+ Will+}
 14240 | IceCv    | Identified the ring "Plog" {rF+ Will+ Int+3}
 14653 | Lair:2   | Reached XP level 14. HP: 121/126 MP: 20/20
 15245 | Lair:3   | Found a gate leading to a gauntlet.
 15262 | Lair:3   | Received a gift from Okawaru
 15282 | Gauntlet | Entered a Gauntlet
 15282 | Gauntlet | Found a transporter.
 15282 | Gauntlet | Found a transporter.
 15283 | Gauntlet | Found a runed translucent door.
 15296 | Gauntlet | Found a transporter.
 15296 | Gauntlet | Found a transporter.
 15296 | Gauntlet | Found a transporter.
 15296 | Gauntlet | Found a transporter.
 15333 | Gauntlet | Found a transporter.
 15333 | Gauntlet | Found a transporter.
 15337 | Gauntlet | Found a transporter.
 15337 | Gauntlet | Found a transporter.
 15405 | Gauntlet | Identified the ring "Hitug" {rF+ rCorr MP+9}
 15410 | Gauntlet | Found a runed translucent door.
 15414 | Gauntlet | Found a runed translucent door.
 15415 | Gauntlet | Found a transporter.
 15415 | Gauntlet | Found a transporter.
 15460 | Gauntlet | Identified the +0 pair of boots of Zafeul {rC+ rN+}
 15565 | Gauntlet | Identified the ring of Esejoele {rPois rCorr Str+3 Dex+3}
 15576 | Gauntlet | Reached skill level 10 in Invocations
 15627 | Gauntlet | Identified the +4 hand axe of the Land of Plenty {spect,
                  | Str+5}
 15733 | Lair:3   | Found a hole to the Spider Nest.
 16436 | Lair:3   | Found a staircase to the Swamp.
 16550 | Lair:4   | Found a staircase to the Slime Pits.
 16554 | Lair:4   | Found a viscous altar of Jiyva.
 16556 | Lair:4   | Received a gift from Okawaru
 16701 | Lair:4   | Noticed Josephine
 16734 | Lair:4   | Killed Josephine
 17086 | Lair:4   | Found a dark tunnel.
 17100 | Volcano  | Entered a volcano
 17152 | Volcano  | Received a gift from Okawaru
 17885 | Lair:5   | Entered Level 5 of the Lair of Beasts
 18181 | Lair:5   | Reached XP level 15. HP: 112/136 MP: 22/22
 18190 | Lair:5   | Reached skill level 17 in Axes
 18229 | Lair:5   | Received a gift from Okawaru
 18943 | Lair:5   | Found a large runed translucent door.
 18943 | Lair:5   | Found a large runed translucent door.
 19456 | Spider:1 | Entered Level 1 of the Spider Nest
 19473 | Spider:1 | Received a gift from Okawaru
 19630 | Spider:1 | Noticed Donald
 19646 | Spider:1 | Killed Donald
 19947 | Spider:1 | Noticed Roxanne
 20013 | Spider:1 | Killed Roxanne
 20234 | Spider:1 | Noticed Frances
 20244 | Spider:1 | Killed Frances
 20244 | Spider:1 | Received a gift from Okawaru
 20295 | Spider:1 | Noticed Jorgrun
 20309 | Spider:1 | Killed Jorgrun
 20552 | Spider:1 | Noticed an emperor scorpion
 20565 | Spider:1 | Killed an emperor scorpion
 20566 | Spider:1 | Reached skill level 18 in Axes
 20806 | Spider:1 | Noticed an emperor scorpion
 20821 | Spider:1 | Killed an emperor scorpion
 20928 | Spider:2 | Received a gift from Okawaru
 21513 | Spider:2 | Reached XP level 16. HP: 147/147 MP: 23/23
 21849 | Spider:2 | Noticed Arachne
 21870 | Spider:2 | Killed Arachne
 22075 | Spider:2 | Reached skill level 15 in Fighting
 22327 | Spider:2 | Received a gift from Okawaru
 22648 | Spider:3 | Reached skill level 1 in Evocations
 23260 | Spider:3 | Received a gift from Okawaru
 23716 | Spider:3 | Reached skill level 19 in Axes
 24330 | Spider:3 | Received a gift from Okawaru
 24769 | Spider:4 | Entered Level 4 of the Spider Nest
 24822 | Spider:4 | Reached XP level 17. HP: 41/158 MP: 19/24
 25340 | Spider:4 | Reached skill level 5 in Evocations
 25423 | Spider:4 | Received a gift from Okawaru
 25543 | Spider:4 | Reached skill level 15 in Armour
 25588 | Spider:4 | Gained mutation: Potions are less effective at restoring
                  | your health. [mutagenic glow]
 26290 | Spider:4 | Received a gift from Okawaru
 26812 | Spider:4 | Received a gift from Okawaru
 26820 | Spider:4 | Reached skill level 20 in Axes
 26833 | Spider:4 | Identified the +2 hat of Subjectivity {rCorr MP+9}
 26865 | Spider:4 | Identified the +2 hat of Experimentation {Rampage rF+ MP-9}
 26898 | Spider:4 | Got a gossamer rune of Zot
 27624 | Swamp:1  | Entered Level 1 of the Swamp
 27663 | Swamp:1  | Noticed Nikola
 27686 | Swamp:1  | Killed Nikola
 27769 | Swamp:1  | Reached skill level 15 in Shields
 28533 | Swamp:1  | Reached XP level 18. HP: 167/168 MP: 16/25
 28648 | Swamp:1  | Received a gift from Okawaru
 30218 | Swamp:2  | You fall into a shaft and drop 1 floor!
 31426 | Swamp:4  | Entered Level 4 of the Swamp
 31709 | Swamp:4  | Reached skill level 1 in Dodging
 31742 | Swamp:4  | Noticed the 27-headed Lernaean hydra
 31798 | Swamp:4  | Received a gift from Okawaru
 32638 | Swamp:2  | Found a runed translucent door.
 32639 | Swamp:2  | Found a shimmering altar of Xom.
 32639 | Swamp:2  | Noticed esper6's ghost (journeyman GnNe)
 32685 | Swamp:2  | Killed esper6's ghost
 32686 | Swamp:2  | Reached skill level 21 in Axes
 32964 | Slime:1  | Entered Level 1 of the Pits of Slime
 32968 | Slime:1  | Gained mutation: You occasionally shout uncontrollably at
                  | your foes. [a shining eye]
 33533 | Slime:2  | Paralysed by a formless jellyfish for 1 turns
 33538 | Slime:2  | Reached XP level 19. HP: 89/179 MP: 6/26
 33798 | Slime:2  | Gained mutation: You occasionally lose the ability to read
                  | scrolls when taking damage. [a shining eye]
 33801 | Slime:2  | Lost mutation: You occasionally shout uncontrollably at
                  | your foes. [potion of mutation]
 33801 | Slime:2  | Lost mutation: Potions are less effective at restoring your
                  | health. [potion of mutation]
 33801 | Slime:2  | Lost mutation: You occasionally lose the ability to read
                  | scrolls when taking damage. [potion of mutation]
 33801 | Slime:2  | Gained mutation: You are robust. (+10% HP) [potion of
                  | mutation]
 33801 | Slime:2  | Gained mutation: You have hidden genetic defects. [potion
                  | of mutation]
 34103 | Slime:2  | Received a gift from Okawaru
 34805 | Slime:3  | Reached skill level 5 in Dodging
 34982 | Slime:4  | Received a gift from Okawaru
 35019 | Slime:4  | Gained mutation: Your spells are a little easier to cast,
                  | but a little less powerful. [hidden defects]
 35490 | Slime:5  | Entered Level 5 of the Pits of Slime
 36676 | Slime:5  | Noticed the Royal Jelly
 37019 | Slime:5  | Gained mutation: You are weak. (Str -2) [hidden defects]
 37019 | Slime:5  | Lost mutation: You have hidden genetic defects. [hidden
                  | defects expressed]
 37021 | Slime:5  | Lost mutation: Your spells are a little easier to cast, but
                  | a little less powerful. [potion of mutation]
 37021 | Slime:5  | Lost mutation: You are weak. (Str -2) [potion of mutation]
 37021 | Slime:5  | Gained mutation: You are strong-willed. (Will+) [potion of
                  | mutation]
 37021 | Slime:5  | Gained mutation: Armour fits poorly on your strangely
                  | shaped body. [potion of mutation]
 37022 | Slime:5  | Lost mutation: Armour fits poorly on your strangely shaped
                  | body. [potion of mutation]
 37022 | Slime:5  | Lost mutation: You are robust. (+10% HP) [potion of
                  | mutation]
 37022 | Slime:5  | Gained mutation: You are weak. (Str -2) [potion of
                  | mutation]
 37061 | Slime:5  | Found a viscous altar of Jiyva.
 37074 | Slime:5  | Gained mutation: Your spells are a little easier to cast,
                  | but a little less powerful. [a shining eye]
 37075 | Slime:5  | Received a gift from Okawaru
 37111 | Slime:5  | Gained mutation: You occasionally lose the ability to drink
                  | potions when taking damage. [a shining eye]
 37284 | Slime:5  | HP: 9/181 [acid (4)]
 37284 | Slime:5  | Mangled by the Royal Jelly

Illustrated notes

Levels and vault maps discovered:
D:1:      dpeg_arrival_court, layout_rooms, minmay_circled_x
D:2:      layout_loops_cross, basic_altar, serial_shops, shop, shop,
          nicolae_shop_pleasant_corner_grove, shop
D:3:      layout_basic, grunt_dithmenos_smoke,
          shapermc_ecumenical_altar_acropolis
D:4:      layout_basic
D:5:      layout_rooms, chei_slow_surprise, dk_xom_monty_hall,
          nicolae_wormholes, uniq_duvessa, uniq_ijyb, uniq_blork_the_orc
D:6:      layout_loops_ring, overflow_temple_1_default, serial_shops,
          nicolae_shop_stone
D:7:      layout_basic, temple_doors_cd
D:8:      layout_basic, blue_anna_alchemist, st_stairs_9, minmay_manual_mess
D:9:      layout_rooms
D:10:     gammafunk_sealed_arena, layout_rooms, grunt_temple_overflow_open,
          grunt_lair_entry_orc_guard_hut, erik_orc_1, uniq_urug, uniq_psyche
D:11:     layout_irregular_city, zin_statuary
Temple:   cyrus_circular_temple
Lair:1:   layout_chaotic_city, chequers_serial_rivers_large_a,
          nicolae_lair_grove_arrangements, lemuel_altar_in_water2,
          kennysheep_abandoned_house
Lair:2:   layout_long_grid, portal_ice_cave_rime, minmay_shattered_shrine,
          infiniplex_staircase_pool_2
Lair:3:   layout_long_grid, mainiacjoe_swamp_entry_lozenge_pond,
          hellmonk_spider_entry_not_the_bees, gauntlet_entry_generic
Lair:4:   layout_gridlike, minmay_slime_entry_jelly_boxes, enter_volcano_3,
          uniq_josephine
Lair:5:   cheibrodos_lair_end_hotspot, layout_regular_city,
          nicolae_quartered_pool_super
Swamp:1:  nicolae_swamp_flooded_prison, layout_falls_marsh,
          evilmike_swamp_ruin_house_1, nicolae_swamp_decorative_isthmus,
          nicolae_swamp_long_stream, uniq_nikola
Swamp:2:  layout_basic_swamp, ebering_ghost_xom, hangedman_swamp_cone,
          nicolae_swamp_alligator_family
Swamp:3:  nicolae_swamp_husk_halls, layout_basic_swamp, evilmike_swamp_ruin_wall
Swamp:4:  swamp_old_school, layout_basic_swamp
Spider:1: layout_spider_delve, uniq_roxanne, uniq_jorgrun, uniq_frances,
          uniq_donald
Spider:2: layout_spider_delve, uniq_arachne
Spider:3: nicolae_spider_hilbert_zone_4 [nicolae_spider_hilbert_4_sides_2_open,
          nicolae_spider_hilbert_4_sides_1_open,
          nicolae_spider_hilbert_4_sides_1_open,
          nicolae_spider_hilbert_4_sides_1_open,
          nicolae_spider_hilbert_4_sides_1_open,
          nicolae_spider_hilbert_2_sides_1_open,
          nicolae_spider_hilbert_2_sides_1_open,
          nicolae_spider_hilbert_2_sides_1_open,
          nicolae_spider_hilbert_2_sides_1_open,
          nicolae_spider_hilbert_6_sides_1_open,
          nicolae_spider_hilbert_6_sides_1_open,
          nicolae_spider_hilbert_3_sides_1_open,
          nicolae_spider_hilbert_3_sides_1_open]
Spider:4: spider_rune_water, worms_lemuel
Slime:1:  layout_caves, nicolae_slime_getting_an_eyeful
Slime:2:  cheibrodos_slime_lost_civilization_1, layout_caves
Slime:3:  layout_caves
Slime:4:  layout_caves
Slime:5:  slime_pit
Orc:1:    layout_diamond_mine
Orc:2:    st_orc_open, layout_caves, serial_shops,
          nicolae_shop_bloodbath_and_beyond, nicolae_orc_lost_temple

Skill      XL: |  1  2  3  4  5  6  7  8  9 10 11 12 13 14 15 16 17 18 19 |
---------------+----------------------------------------------------------+-----
Axes           | 3 4 5 6 7 8 9 10 11 12 15 16 18 19 20 21 | 21.8
Fighting       | 4 5 7 9 10 11 12 13 14 15 16 18 | 18.6
Shields        | 5 7 9 10 11 13 14 15 16 | 16.7
Armour         | 6 8 9 10 12 13 14 15 16 17 | 17.3
Ice Magic      | 2 8 11 | 11.3
Translocations | 2 7 9 |  9.0
Invocations    | 3 8 10 | 10.0
Evocations     | 4 7 8 |  8.0
Dodging        | 3 6 |  6.8

Action                     |  1- 3 |  4- 6 |  7- 9 | 10-12 | 13-15 | 16-18 | 19-21 || total
---------------------------+-------+-------+-------+-------+-------+-------+-------++-------
  Melee: War axe           |   118 |    84 |   249 |   452 |       |       |       ||   903
         Broad axe         |       |       |       |     8 |  1010 |  1375 |   329 ||  2722
         Hand axe          |       |       |       |       |    41 |       |       ||    41
  Throw: Throwing net      |       |       |       |     2 |       |       |       ||     2
   Cast: Ozocubu's Armour  |       |       |       |     3 |     3 |     2 |       ||     8
         Blink             |       |       |       |       |       |     1 |     1 ||     2
 Invoke: Heroism           |       |       |       |     4 |     2 |    12 |     4 ||    22
         Receive Weapon    |       |       |       |     1 |       |       |       ||     1
         Receive Armour    |       |       |       |     1 |       |       |       ||     1
         Finesse           |       |       |       |       |     6 |     7 |     2 ||    15
  Evoke: Wand              |       |       |       |     2 |       |     6 |       ||     8
         Phial of floods   |       |       |       |       |       |     1 |     1 ||     2
    Use: Scroll            |     3 |     9 |     3 |    11 |     8 |     6 |       ||    40
         Potion            |       |     1 |     1 |     6 |     2 |     7 |     5 ||    22
   Stab: Distracted        |       |       |       |       |     1 |     1 |       ||     2
         Confused          |       |       |       |       |       |     1 |       ||     1
 Armour: Scale mail        |    84 |    34 |    17 |       |       |       |       ||   135
         Ring mail         |       |       |   108 |   152 |    14 |       |       ||   274
         Skin              |       |       |       |    14 |       |       |       ||    14
         Plate armour      |       |       |       |       |   389 |  1077 |   188 ||  1654
  Dodge: Dodged            |    63 |    22 |    97 |   179 |   160 |   301 |    60 ||   882
  Block: Buckler           |    42 |    29 |    97 |   186 |       |       |       ||   354
         Reflection        |       |     2 |     3 |    17 |    26 |    19 |     6 ||    73
         Kite shield       |       |       |       |     2 |   920 |  1342 |   271 ||  2535
